 Dungeon Crawl Stone Soup version 0.17.0-27-g4a3f43e (webtiles) character file.

3212 4thArraOfDagon the Cleaver (level 9, 0/82 HPs)
             Began as a Minotaur Berserker on Nov 21, 2015.
             Was a Priest of Trog.
             Succumbed to Sonja's poison
             ... on level 13 of the Dungeon.
             The game lasted 00:11:21 (1718 turns).

4thArraOfDagon the Cleaver (Minotaur Berserker)     Turns: 1718, Time: 00:11:21

Health: 0/82       AC: 15    Str: 21    XL:     9   Next: 65%
Magic:  18/18      EV:  7    Int: 14    God:    Trog [***...]
Gold:   103        SH:  0    Dex: 13    Spells: 0 memorised, 8 levels left

rFire  . . .     SeeInvis .     n - +3 war axe of Pride {vamp, MP+9 Int+7 Dex+2} (curse)
rCold  + . .     Clarity  .     u - +0 plate armour
rNeg   . . .     SustAt   .     (no shield)
rPois  .         Gourm    .     t - +2 hat
rElec  .         Spirit   .     (no cloak)
rCorr  .         Warding  .     (no gloves)
rMut   .         Stasis   .     (no boots)
MR     ++...                    (no amulet)
Stlth  ..........               (no ring)
                                j - ring of protection from cold

@: lethally poisoned (0 -> -21), exhausted, regenerating, slowed, very slow,
very resistant to hostile enchantments, extremely unstealthy
A: retaliatory headbutt, horns 2
a: Berserk, Trog's Hand, Burn Spellbooks, Renounce Religion


You were on level 13 of the Dungeon.
You worshipped Trog.
Trog was most pleased with you.
You were very hungry.

You visited 1 branch of the dungeon, and saw 13 of its levels.

You collected 129 gold pieces.
You spent 26 gold pieces at shops.

Inventory:

Hand Weapons
 a - a +0 hand axe
 n - the cursed +3 war axe of Pride (weapon) {vamp, MP+9 Int+7 Dex+2}
   (You found it on level 12 of the Dungeon)

   It inflicts no extra harm, but heals its wielder somewhat when it strikes a
   living foe.
   It affects your intelligence (+7).
   It affects your dexterity (+2).
   It affects your magic capacity (+9).
   It has a curse placed upon it.
Missiles
 e - 4 throwing nets (quivered)
Armour
 t - a +2 hat (worn)
 u - a +0 plate armour (worn)
Magical Staves
 w - an uncursed staff of fire {unknown}
Jewellery
 j - a ring of protection from cold (left hand)
 z - an uncursed ring of teleportation
Wands
 v - a wand of frost (15)
 x - a wand of polymorph (7)
 y - a wand of polymorph (7)
Scrolls
 b - 2 scrolls of blinking {unknown}
 d - a scroll of fear {unknown}
 g - 2 scrolls of teleportation
 h - a scroll of remove curse
 q - a scroll of enchant armour
 s - a scroll of magic mapping {unknown}
 A - a scroll of enchant weapon {unknown}
Potions
 f - a potion of lignification
 i - a potion of haste
 k - a potion of flight
 p - a potion of might
 r - a potion of berserk rage
Miscellaneous
 B - a disc of storms
Comestibles
 c - 4 bread rations
 l - 4 chunks of flesh
 m - a slice of pizza
 o - a beef jerky


   Skills:
 + Level 8.8 Fighting
 * Level 11.6 Axes
 + Level 8.4 Armour
 - Level 2.1 Dodging
 + Level 2.1 Evocations


You had 8 spell levels left.
You didn't know any spells.

Dungeon Overview and Level Annotations

Branches:
Dungeon (14/15)            Vaults (0/5) D:14
 Temple: D:4-7         Lair: D:8-11         Orc: D:9-12

Altars:
Xom

Shops:
D:5 *   D:12 (

Annotations:
D:9 schauveau's ghost, novice GrBe
D:13 exclusion: ice statue, Sonja
D:14 Rupert


Innate Abilities, Weirdness & Mutations

You reflexively headbutt those who attack you in melee.
You have a pair of horns on your head.


Message History

You feel extremely sick.
The purple ugly thing headbutts you but does no damage.
The purple ugly thing headbutts you!
* * * LOW HITPOINT WARNING * * *
Unknown command.
Unknown command.
Unknown command.
Drink which item? (? for menu, Esc to quit)
Okay, then.
Drink which item? (? for menu, Esc to quit)
Okay, then.
Unknown command.
Unknown command.
Unknown command.
Unknown command.
Unknown command.
You hit the purple ugly thing.
You feel better.
Your headbutt misses the purple ugly thing.
The purple ugly thing is heavily wounded.
You die...

.........
.........
........#
........###
..........
.........#
.....G...#
#.@u#
##..######
#.)(....#
#.>####....
##†# # #.#
#.# #.# ..#


You could see a purple ugly thing and Sonja the eye of draining.

Vanquished Creatures
  A hill giant (D:12)
  An unseen horror (D:12)
  A centaur zombie (D:12)
  2 deep elf magi
  A wyvern (D:12)
  A human (D:13)
  A water moccasin (D:8)
  An orc warrior (D:7)
  2 ogres
  A big kobold (D:9)
  3 giant frogs
  A brain worm (D:12)
  A gnoll sergeant (D:8)
  A killer bee (D:11)
  A quasit (D:9)
  3 hounds
  An iguana (D:12)
  4 orc priests
  3 orc wizards
  3 worker ants
  2 giant frog skeletons
  A killer bee zombie (D:5)
  3 adders
  6 gnolls (D:8)
  An ooze (D:5)
  An adder zombie (D:5)
  A giant gecko (D:2)
  10 orcs
  2 hobgoblins (D:1)
  8 kobolds
  A ball python (D:4)
  2 giant newts
  3 goblins
  3 rats (D:1)
77 creatures vanquished.

Notes
Turn   | Place    | Note
--------------------------------------------------------------
     0 | D:1      | 4thArraOfDagon the Minotaur Berserker began the quest for the Orb.
     0 | D:1      | Reached XP level 1. HP: 19/19 MP: 0/0
    73 | D:1      | Reached XP level 2. HP: 12/27 MP: 1/1
   122 | D:2      | Reached skill level 4 in Axes
   181 | D:2      | You fall through a shaft for 2 floors!
   210 | D:4      | Reached XP level 3. HP: 28/33 MP: 2/2
   211 | D:4      | Reached skill level 5 in Axes
   211 | D:4      | Reached XP level 4. HP: 25/40 MP: 3/3
   258 | D:5      | Entered Level 5 of the Dungeon
   359 | D:5      | Reached XP level 5. HP: 26/47 MP: 4/4
   393 | D:5      | Found Maboinioj's Assorted Antiques.
   402 | D:5      | Reached ** piety under Trog
   407 | D:5      | Bought a scroll labeled WETICU AKESO for 26 gold pieces
   544 | D:6      | Reached skill level 6 in Axes
   603 | D:6      | Reached skill level 5 in Fighting
   603 | D:6      | Reached XP level 6. HP: 35/56 MP: 5/5
   666 | D:7      | Reached skill level 7 in Axes
   668 | D:7      | Reached skill level 5 in Armour
   721 | D:8      | Noticed a water moccasin
   726 | D:8      | Killed a water moccasin
   726 | D:8      | Reached XP level 7. HP: 56/62 MP: 6/6
   776 | D:7      | Noticed a hungry ghost
   825 | D:8      | Reached skill level 8 in Axes
   925 | D:9      | Reached XP level 8. HP: 64/71 MP: 7/7
  1043 | D:9      | Noticed schauveau's ghost (novice GrBe)
  1078 | D:10     | Entered Level 10 of the Dungeon
  1141 | D:11     | Reached skill level 9 in Axes
  1201 | D:12     | Noticed a hill giant
  1211 | D:12     | Killed a hill giant
  1211 | D:12     | Reached skill level 10 in Axes
  1336 | D:12     | Noticed a centaur zombie
  1353 | D:12     | Killed a centaur zombie
  1353 | D:12     | Reached XP level 9. HP: 64/81 MP: 8/8
  1469 | D:12     | Found Noadaff's Weapon Shop.
  1472 | D:12     | Noticed a four-headed hydra
  1474 | D:12     | Got a scorched war axe
  1514 | D:12     | Identified the cursed +3 war axe of Pride {vamp, MP+9 Int+7 Dex+2} (You found it on level 12 of the Dungeon)
  1550 | D:12     | Killed an unseen horror
  1550 | D:12     | Reached *** piety under Trog
  1550 | D:12     | Reached skill level 11 in Axes
  1550 | D:12     | Reached skill level 1 in Evocations
  1587 | D:11     | Noticed a gargoyle
  1622 | D:13     | Found a shimmering altar of Xom.
  1629 | D:13     | Noticed a cyclops
  1686 | D:13     | Noticed an ice statue
  1699 | D:14     | Found a gate to the Vaults.
  1699 | D:14     | Noticed Rupert
  1699 | D:14     | Noticed a skeletal warrior
  1699 | D:14     | Noticed a black mamba
  1699 | D:14     | Noticed an orc knight
  1699 | D:14     | Noticed Sonja
  1704 | D:13     | Noticed a purple ugly thing
  1717 | D:13     | Noticed Sonja
  1717 | D:13     | Sonja changed into Sonja the eye of draining
  1717 | D:13     | HP: 2/82 [purple ugly thing (12)]
  1718 | D:13     | Succumbed to Sonja's poison

Action                   |  1- 3 |  4- 6 |  7- 9 || total
-------------------------+-------+-------+-------++-------
Melee: Hand axe          |    25 |    79 |   115 ||   219
       War axe           |       |       |    26 ||    26
Invok: Berserk           |     1 |     3 |     6 ||    10
       Trog's Hand       |       |       |     6 ||     6
Evoke: Wand              |       |       |     3 ||     3
  Use: Scroll            |       |     1 |     6 ||     7
       Potion            |       |       |     2 ||     2
  Eat: Chunk             |       |     3 |    10 ||    13
       Bread ration      |       |       |     1 ||     1
